 Dungeon Crawl Stone Soup version 0.17.0-28-g6e173f8 (webtiles) character file.

1025 septik the Cudgeler (level 8, -2/49 HPs)
             Began as a Gargoyle Fighter on Nov 29, 2015.
             Was an Initiate of Okawaru.
             Killed by divine providence
             ... invoked by an orc priest
              (15 damage)
             ... on level 6 of the Dungeon.
             The game lasted 00:08:32 (4851 turns).

septik the Cudgeler (Gargoyle Fighter)              Turns: 4851, Time: 00:08:32

Health: -2/49      AC: 17    Str: 22      XL:     8   Next: 23%
Magic:  8/8        EV:  6    Int:  9      God:    Okawaru [......]
Gold:   206        SH:  9    Dex:  8 (9)  Spells: 0 memorised, 7 levels left

rFire  . . .     SeeInvis .     a - +0 flail
rCold  . . .     Clarity  .     x - +0 chain mail
rNeg   + . .     SustAt   .     c - +0 shield
rPois  ∞         Gourm    .     (no helmet)
rElec  +         Spirit   .     w - +0 cloak
rCorr  .         Warding  .     m - +0 pair of gloves
rMut   .         Stasis   .     (no boots)
MR     .....                    (no amulet)
Stlth  ..........               (no ring)
                                (no ring)

@: not resistant to hostile enchantments, extremely unstealthy
A: negative energy resistance 1, electricity resistance, unbreathing,
petrification resistance, rot immunity, AC +5
a: Renounce Religion


You were on level 6 of the Dungeon.
You worshipped Okawaru.
Okawaru was noncommittal.
You were not hungry.

You visited 1 branch of the dungeon, and saw 6 of its levels.

You collected 206 gold pieces.

Inventory:

Hand Weapons
 a - a +0 flail (weapon)
 t - a +0 blowgun
Missiles
 f - 90 stones (quivered)
 u - 35 poisoned needles
Armour
 c - a +0 shield (worn)
 m - a +0 pair of gloves (worn)
 w - a +0 cloak (worn)
 x - a +0 chain mail (worn)
Magical Staves
 b - an uncursed staff of air
Jewellery
 r - an uncursed ring of ice
 D - an uncursed ring of protection from magic {unknown}
Scrolls
 g - 7 scrolls of identify {unknown}
 i - 2 scrolls of magic mapping {unknown}
 j - a scroll of noise {unknown}
 l - a scroll of enchant weapon {unknown}
 o - 2 scrolls of blinking {unknown}
 p - 5 scrolls of remove curse {unknown}
 v - a scroll of teleportation {unknown}
 y - a scroll of enchant armour {unknown}
 z - a scroll of immolation {unknown}
 A - 2 scrolls of random uselessness {unknown}
Potions
 d - 2 potions of might
 h - 3 potions of ambrosia {unknown}
 n - 2 potions of haste {unknown}
 q - a potion of agility
 s - a potion of curing
Comestibles
 e - 3 bread rations
 k - 2 meat rations
 B - a slice of pizza


   Skills:
 + Level 5.2 Fighting
 * Level 5.9 Maces & Flails
 + Level 5.4 Armour
 + Level 2.8 Dodging
 + Level 4.9 Shields


You had 7 spell levels left.
You didn't know any spells.

Dungeon Overview and Level Annotations

Branches:
Dungeon (6/15)
 Temple: D:4-7

Altars:
Dithmenos
Fedhas
Gozag
Nemelex Xobeh
Okawaru
Qazlal
Ru
Vehumet

Annotations:
D:5 Grinder


Innate Abilities, Weirdness & Mutations

You are resistant to torment.
Your stone body is resilient (AC +5).
You are immune to poison.
You resist negative energy.
You are resistant to electric shocks.
You can survive without breathing.
You are immune to petrification.
You are immune to rotting.


Message History

There is a stone staircase leading down here.
Something hits you but does no damage.
You climb downwards.
You block the orc warrior's attack. You block the orc warrior's attack.
There is a stone staircase leading up here.
You hit the orc warrior but do no damage.
The orc warrior hits you with a short sword.
You block its attack.
You hit the orc warrior.
The orc warrior is lightly wounded.
You block the orc warrior's attack. Something hits you but does no damage.
You block the orc warrior's attack. Something hits you but does no damage.
You block the orc warrior's attack. Something hits you but does no damage.
The orc warrior hits you with a short sword!
The orc warrior hits you with a short sword!
* * * LOW HITPOINT WARNING * * *
The orc priest invokes the aid of Beogh against you.
Something smites you!
You die...

##..# ####### #.o## ###.....##
#..# ##........# .
##..######.........## #.
#.....o.<...........# .#
#....................#####.#
....########...o...###.......##
...## #.......##.##.....#.# ##.
#...@..##...##..#.... #
#.....##.._..##..#.#.
#....##....^.^##...#
#...##........^##..#
#...#..^#####^..#..#
#...##.'#.#.#'^##..#
##...###..#..###...#
#.......###.....##.#
##...........#### .#


You could see an orc warrior and an orc priest.

Vanquished Creatures
  An ice beast (D:4)
  2 scorpions
  2 hounds (D:4)
  2 crimson imps (D:5)
  2 giant frog zombies (D:5)
  2 iguanas
  An orc wizard (D:3)
  A quasit (D:5)
  Crazy Yiuf (D:3)
  3 orc priests (D:4)
  A giant frog skeleton (D:3)
  Terence (D:2)
  6 worker ants
  A worker ant zombie (D:4)
  4 gnolls (D:4)
  5 adders
  An ooze (D:2)
  2 worms
  4 giant geckos
  12 orcs
  6 ball pythons (D:2)
  5 giant cockroaches
  9 hobgoblins
  2 jackals (D:4)
  3 quokkas
  9 bats
  A giant newt (D:1)
  9 goblins
  13 kobolds
  5 rats
  A fungus (D:2)
117 creatures vanquished.

Notes
Turn   | Place    | Note
--------------------------------------------------------------
     0 | D:1      | septik the Gargoyle Fighter began the quest for the Orb.
     0 | D:1      | Reached XP level 1. HP: 14/14 MP: 1/1
   157 | D:1      | Reached XP level 2. HP: 12/19 MP: 2/2
   735 | D:1      | Reached XP level 3. HP: 23/23 MP: 3/3
   867 | D:2      | Reached skill level 1 in Dodging
   982 | D:2      | Noticed Terence
  1051 | D:2      | Killed Terence
  1051 | D:2      | Reached XP level 4. HP: 25/28 MP: 4/4
  1674 | D:3      | Reached skill level 4 in Armour
  1674 | D:3      | Reached XP level 5. HP: 19/33 MP: 5/5
  1861 | D:3      | Noticed Crazy Yiuf
  1871 | D:3      | Killed Crazy Yiuf
  2003 | D:3      | Found an opulent altar of Gozag.
  2030 | D:3      | Found a blossoming altar of Fedhas.
  2036 | D:3      | Found a stormy altar of Qazlal.
  2175 | D:3      | Reached XP level 6. HP: 13/38 MP: 6/6
  2852 | D:4      | Found a sacrificial altar of Ru.
  3105 | D:4      | Reached XP level 7. HP: 44/44 MP: 7/7
  3293 | D:4      | Reached skill level 5 in Maces & Flails
  3412 | D:4      | Found an iron altar of Okawaru.
  3420 | D:4      | Became a worshipper of Warmaster Okawaru
  4161 | D:5      | Entered Level 5 of the Dungeon
  4206 | D:5      | Found a shadowy altar of Dithmenos.
  4253 | D:5      | Reached skill level 5 in Armour
  4301 | D:5      | Reached skill level 5 in Fighting
  4315 | D:5      | Reached XP level 8. HP: 35/49 MP: 8/8
  4580 | D:5      | Found a radiant altar of Vehumet.
  4580 | D:5      | Found an opulent altar of Gozag.
  4665 | D:5      | Noticed Grinder
  4755 | D:6      | Found a sparkling altar of Nemelex Xobeh.
  4831 | D:5      | Paralysed by Grinder for 7 turns
  4851 | D:6      | Killed from afar by an orc priest

Action                   |  1- 3 |  4- 6 |  7- 9 || total
-------------------------+-------+-------+-------++-------
Melee: Flail             |   115 |   280 |   210 ||   605
  Eat: Chunk             |       |     8 |     6 ||    14
